PL
BROOKLYN DODGERS @ FT. WORTH CATTLEMEN
08/19/2022
 
TOP OF THE 1ST
Brooklyn Dodgers batting - Pitching for Ft. Worth Cattlemen : RHP Nicholas Wells
Pitching: RHP Nicholas Wells
Batting: RHB Roger Lakes 0-0: Ball
1-0: Called Strike
1-1: Fly out, F9 (Flyball, 9M)
Batting: LHB Kelly Brown 0-0: Foul Ball, location: 2F
0-1: SINGLE (Groundball, 4MD)
Batting: RHB Thom Wilcox 0-0: Ball
1-0: Ball
2-0: Grounds into double play, 1-4-3 (Groundball, 25)
Top of the 1st over - 0 run(s), 1 hit(s), 0 error(s), 0 left on base; Brooklyn 0 - Ft. Worth 0
BOTTOM OF THE 1ST
Ft. Worth Cattlemen batting - Pitching for Brooklyn Dodgers : RHP Tim Gordon
Pitching: RHP Tim Gordon
Batting: RHB Alan Elder 0-0: Ball
1-0: Ball
2-0: Called Strike
2-1: Ball
3-1: Swinging Strike
3-2: Foul Ball, location: 2F
3-2: Fly out, F8 (Flyball, 8RD)
Batting: LHB Toyokazu Asano 0-0: Called Strike
0-1: SINGLE (Line Drive, 3D)
Batting: RHB Bart Lewis 0-0: Ball
1-0: Ball
2-0: SINGLE (Line Drive, 56)
Toyokazu Asano to second
Batting: LHB Ryan Westlake 0-0: Called Strike
0-1: Ball
1-1: Swinging Strike
1-2: Foul Ball, location: 2F
1-2: Foul Ball, location: 2F
1-2: Ball
2-2: Fielders Choice at 2nd, 6-4 (Groundball, 6M)
Toyokazu Asano to third
Batting: RHB Matt Sheppard 0-0: Foul Ball, location: 2F
0-1: Foul Ball, location: 2F
0-2: Ball
1-2: Strikes out swinging
Bottom of the 1st over - 0 run(s), 2 hit(s), 0 error(s), 2 left on base; Brooklyn 0 - Ft. Worth 0
TOP OF THE 2ND
Brooklyn Dodgers batting - Pitching for Ft. Worth Cattlemen : RHP Nicholas Wells
Now at 1B: Orlando Trevino
Batting: LHB Ron Bascombe 0-0: Ball
1-0: Called Strike
1-1: Ball
2-1: DOUBLE (Flyball, 8LXD)
Batting: RHB Donald Thompson 0-0: Ball
1-0: Ball
2-0: Ground out 6-3 (Groundball, 6D)
Batting: LHB Rubén López 0-0: Ball
1-0: Foul Ball, location: 2F
1-1: Foul Ball, location: 2F
1-2: Ball
2-2: Ball
3-2: Ground out 4-3 (Groundball, 4)
Ron Bascombe to third
Batting: RHB Luis Rivas 0-0: Ball
1-0: Called Strike
1-1: Called Strike
1-2: Strikes out swinging
Top of the 2nd over - 0 run(s), 1 hit(s), 0 error(s), 1 left on base; Brooklyn 0 - Ft. Worth 0
BOTTOM OF THE 2ND
Ft. Worth Cattlemen batting - Pitching for Brooklyn Dodgers : RHP Tim Gordon
Batting: RHB Joey Morgan 0-0: Called Strike
0-1: SINGLE (Flyball, 8RS)
Batting: RHB Jack Weber 0-0: Ball
1-0: Called Strike
1-1: Swinging Strike
1-2: Fly out, F8 (Flyball, 8RD)
Batting: LHB Pat McJannett 0-0: Called Strike
0-1: Ball
1-1: Fly out, F6 (Line Drive, 6)
Batting: SHB Robby Day 0-0: Ball
1-0: Ball
2-0: Ball
3-0: Swinging Strike
3-1: Swinging Strike
3-2: Strikes out swinging
Bottom of the 2nd over - 0 run(s), 1 hit(s), 0 error(s), 1 left on base; Brooklyn 0 - Ft. Worth 0
TOP OF THE 3RD
Brooklyn Dodgers batting - Pitching for Ft. Worth Cattlemen : RHP Nicholas Wells
Batting: SHB Raymond Bright 0-0: Foul Ball, location: 2F
0-1: Fly out, F7 (Flyball, 7S)
Batting: RHB Jorge Torrez 0-0: Ball
1-0: Ball
2-0: Ground out U3 (Groundball, 3S)
Batting: RHB Roger Lakes 0-0: Called Strike
0-1: Ball
1-1: Called Strike
1-2: Ball
2-2: Strikes out looking
Top of the 3rd over - 0 run(s), 0 hit(s), 0 error(s), 0 left on base; Brooklyn 0 - Ft. Worth 0
BOTTOM OF THE 3RD
Ft. Worth Cattlemen batting - Pitching for Brooklyn Dodgers : RHP Tim Gordon
Batting: RHB Alan Elder 0-0: SINGLE (Groundball, 56D)
Batting: LHB Toyokazu Asano 0-0: Ball
1-0: Called Strike
1-1: Fly out, F6 (Popup, 56)
Batting: LHB Orlando Trevino 0-0: Ball
1-0: Ball
2-0: Ball
3-0: Base on Balls
Alan Elder to second
Batting: LHB Ryan Westlake 0-0: Foul Ball, location: 2F
0-1: Fly out, F4 (Line Drive, 4MD)
Batting: RHB Matt Sheppard 0-0: Foul Ball, location: 2F
0-1: Ball
1-1: Ball
2-1: Foul Ball, location: 2F
2-2: Ball
3-2: 3-RUN HOME RUN (Flyball, 78XD), Distance : 430 ft
Batting: RHB Joey Morgan 0-0: Ball
1-0: Foul Ball, location: 2F
1-1: Bunt missed!
1-2: Fly out, F4 (Popup, 4MS)
Bottom of the 3rd over - 3 run(s), 2 hit(s), 0 error(s), 0 left on base; Brooklyn 0 - Ft. Worth 3
TOP OF THE 4TH
Brooklyn Dodgers batting - Pitching for Ft. Worth Cattlemen : RHP Nicholas Wells
Batting: LHB Kelly Brown 0-0: Foul Ball, location: 2F
0-1: Ground out 4-3 (Groundball, 4M)
Batting: RHB Thom Wilcox 0-0: Called Strike
0-1: Ball
1-1: Fly out, F7 (Flyball, 8LD)
Batting: LHB Ron Bascombe 0-0: Ground out 6-3 (Groundball, 6M)
Top of the 4th over - 0 run(s), 0 hit(s), 0 error(s), 0 left on base; Brooklyn 0 - Ft. Worth 3
BOTTOM OF THE 4TH
Ft. Worth Cattlemen batting - Pitching for Brooklyn Dodgers : RHP Tim Gordon
Batting: RHB Jack Weber 0-0: Fly out, F4 (Popup, 3L)
Batting: LHB Pat McJannett 0-0: Called Strike
0-1: Ball
1-1: Foul Ball, location: 2F
1-2: Ball
2-2: Foul Ball, location: 2F
2-2: Ball
3-2: Base on Balls
Batting: SHB Robby Day 0-0: Fly out, F5 (Line Drive, 56)
Batting: RHB Alan Elder 0-0: SINGLE (Line Drive, 56D)
Pat McJannett to second
Batting: LHB Toyokazu Asano 0-0: Ball
1-0: Called Strike
1-1: Swinging Strike
1-2: DOUBLE (Line Drive, 3D)
Pat McJannett scores
Alan Elder to third
Batting: LHB Orlando Trevino 0-0: Called Strike
0-1: Ball
1-1: Swinging Strike
1-2: Foul Ball, location: 2F
1-2: Ball
2-2: Foul Ball, location: 2F
2-2: Foul Ball, location: 2F
2-2: Ball
3-2: Base on Balls
Batting: LHB Ryan Westlake 0-0: GRAND SLAM HOME RUN (Flyball, 9D), Distance : 379 ft
Pitching: RHP Bartolo Medina
Batting: RHB Matt Sheppard 0-0: Foul Ball, location: 2F
0-1: Ball
1-1: SINGLE (Line Drive, 6M)
Batting: RHB Joey Morgan 0-0: Called Strike
0-1: Ball
1-1: Ball
2-1: Ground out 6-3 (Groundball, 6)
Bottom of the 4th over - 5 run(s), 4 hit(s), 0 error(s), 1 left on base; Brooklyn 0 - Ft. Worth 8
TOP OF THE 5TH
Brooklyn Dodgers batting - Pitching for Ft. Worth Cattlemen : RHP Nicholas Wells
Batting: RHB Donald Thompson 0-0: Called Strike
0-1: Foul Ball, location: 2F
0-2: Ground out 1-3 (Groundball, 25)
Batting: LHB Rubén López 0-0: Ball
1-0: Called Strike
1-1: Ball
2-1: Ball
3-1: Foul Ball, location: 2F
3-2: Ground out 4-3 (Groundball, 4)
Batting: RHB Luis Rivas 0-0: Foul Ball, location: 2F
0-1: Swinging Strike
0-2: Foul Ball, location: 2F
0-2: Foul Ball, location: 2F
0-2: Strikes out swinging
Top of the 5th over - 0 run(s), 0 hit(s), 0 error(s), 0 left on base; Brooklyn 0 - Ft. Worth 8
BOTTOM OF THE 5TH
Ft. Worth Cattlemen batting - Pitching for Brooklyn Dodgers : RHP Bartolo Medina
Batting: RHB Jack Weber 0-0: Ball
1-0: Foul Ball, location: 2F
1-1: Ball
2-1: Called Strike
2-2: Ball
3-2: Foul Ball, location: 2F
3-2: Foul Ball, location: 2F
3-2: Fly out, F6 (Popup, 6D)
Batting: LHB Pat McJannett 0-0: Called Strike
0-1: Ball
1-1: Ball
2-1: Swinging Strike
2-2: SOLO HOME RUN (Flyball, 8RXD), Distance : 432 ft
Batting: SHB Robby Day 0-0: Called Strike
0-1: Ground out 4-3 (Groundball, 4)
Batting: RHB Alan Elder 0-0: Ball
1-0: Ball
2-0: Ball
3-0: Called Strike
3-1: Reached on error, E6 (Groundball, 6)
Batting: LHB Toyokazu Asano 0-0: Ball
1-0: Ball
2-0: Called Strike
2-1: Ground out 4-3 (Groundball, 34)
Bottom of the 5th over - 1 run(s), 1 hit(s), 1 error(s), 1 left on base; Brooklyn 0 - Ft. Worth 9
TOP OF THE 6TH
Brooklyn Dodgers batting - Pitching for Ft. Worth Cattlemen : RHP Nicholas Wells
Batting: SHB Raymond Bright 0-0: Swinging Strike
0-1: Ball
1-1: Foul Ball, location: 2F
1-2: SINGLE (Line Drive, 4D)
Batting: RHB Jorge Torrez 0-0: Called Strike
Raymond Bright is caught stealing 2nd base
0-1: DOUBLE (Line Drive, 9LM)
Batting: RHB Roger Lakes 0-0: Ball
1-0: Called Strike
1-1: Swinging Strike
1-2: Strikes out swinging
Batting: LHB Kelly Brown 0-0: DOUBLE (Line Drive, 5L)
Jorge Torrez scores
Pinch Runner at 2nd Patrick Clark:
Batting: RHB Thom Wilcox 0-0: Called Strike
0-1: Called Strike
0-2: Ball
1-2: Ball
2-2: Foul Ball, location: 2F
2-2: Strikes out swinging
Top of the 6th over - 1 run(s), 3 hit(s), 0 error(s), 1 left on base; Brooklyn 1 - Ft. Worth 9
BOTTOM OF THE 6TH
Ft. Worth Cattlemen batting - Pitching for Brooklyn Dodgers : RHP Bartolo Medina
Now at C: Patrick Clark
Batting: LHB Orlando Trevino 0-0: SINGLE (Groundball, 34D)
Batting: LHB Ryan Westlake 0-0: Ball
1-0: SINGLE (Line Drive, 78S)
Orlando Trevino to second
Batting: RHB Matt Sheppard 0-0: Ball
1-0: Ball
2-0: Called Strike
2-1: Ball
3-1: Foul Ball, location: 2F
3-2: Strikes out swinging
Batting: RHB Joey Morgan 0-0: Ball
1-0: Foul Ball, location: 2F
1-1: Called Strike
1-2: Foul Ball, location: 2F
1-2: Strikes out swinging
Batting: RHB Jack Weber 0-0: Swinging Strike
0-1: Ball
1-1: DOUBLE (Line Drive, 7LS)
Orlando Trevino scores
Ryan Westlake to third
Batting: LHB Pat McJannett 0-0: Foul Ball, location: 2F
0-1: Ground out 4-3 (Groundball, 34)
Bottom of the 6th over - 1 run(s), 3 hit(s), 0 error(s), 2 left on base; Brooklyn 1 - Ft. Worth 10
TOP OF THE 7TH
Brooklyn Dodgers batting - Pitching for Ft. Worth Cattlemen : RHP Nicholas Wells
Batting: LHB Ron Bascombe 0-0: Swinging Strike
0-1: Ground out 3-1 (Groundball, 34)
Batting: RHB Donald Thompson 0-0: Called Strike
0-1: Ball
1-1: Fly out, F9 (Flyball, 89M)
Batting: LHB Rubén López 0-0: Ground out 4-3 (Groundball, 34)
Top of the 7th over - 0 run(s), 0 hit(s), 0 error(s), 0 left on base; Brooklyn 1 - Ft. Worth 10
BOTTOM OF THE 7TH
Ft. Worth Cattlemen batting - Pitching for Brooklyn Dodgers : RHP Bartolo Medina
Batting: SHB Robby Day 0-0: Ball
1-0: Called Strike
1-1: Ball
2-1: Ball
3-1: SINGLE (Flyball, 7S)
Pitching: RHP Mike Hickey
Batting: RHB Alan Elder 0-0: Foul Ball, location: 2F
0-1: Ball
1-1: Foul Ball, location: 2F
1-2: Ball
2-2: DOUBLE (Line Drive, 8LXD)
Robby Day to third
Batting: LHB Toyokazu Asano 0-0: Ball
1-0: Called Strike
1-1: Ball
2-1: Ball
3-1: Fly out, F7 (Flyball, 7M)
Runner from 3rd tags up, SCORES, no throw
Batting: LHB Orlando Trevino 0-0: Called Strike
0-1: Ball
1-1: Ball
2-1: Swinging Strike
2-2: Ball
3-2: Base on Balls
Batting: LHB Ryan Westlake 0-0: Ball
1-0: Called Strike
1-1: Grounds into double play, 6-4-3 (Groundball, 6)
Bottom of the 7th over - 1 run(s), 2 hit(s), 0 error(s), 1 left on base; Brooklyn 1 - Ft. Worth 11
TOP OF THE 8TH
Brooklyn Dodgers batting - Pitching for Ft. Worth Cattlemen : RHP Nicholas Wells
Batting: RHB Luis Rivas 0-0: Fly out, F3 (Popup, 3D)
Batting: SHB Raymond Bright 0-0: Fly out, F6 (Popup, 6MD)
Batting: RHB Jorge Torrez 0-0: Ball
1-0: Swinging Strike
1-1: Ball
2-1: Foul Ball, location: 2F
2-2: Ball
3-2: Strikes out swinging
Top of the 8th over - 0 run(s), 0 hit(s), 0 error(s), 0 left on base; Brooklyn 1 - Ft. Worth 11
BOTTOM OF THE 8TH
Ft. Worth Cattlemen batting - Pitching for Brooklyn Dodgers : RHP Mike Hickey
Batting: RHB Matt Sheppard 0-0: Ball
1-0: Foul Ball, location: 2F
1-1: Ball
2-1: Foul Ball, location: 2F
2-2: Foul Ball, location: 2F
2-2: Fly out, F4 (Line Drive, 4)
Batting: RHB Joey Morgan 0-0: Ball
1-0: Foul Ball, location: 2F
1-1: Ball
2-1: Ball
3-1: Called Strike
3-2: Ground out 6-3 (Groundball, 6)
Batting: RHB Jack Weber 0-0: Called Strike
0-1: Ball
1-1: Ball
2-1: Ball
3-1: Fly out, F8 (Flyball, 8RD)
Bottom of the 8th over - 0 run(s), 0 hit(s), 0 error(s), 0 left on base; Brooklyn 1 - Ft. Worth 11
TOP OF THE 9TH
Brooklyn Dodgers batting - Pitching for Ft. Worth Cattlemen : RHP Nicholas Wells
Batting: RHB Roger Lakes 0-0: Ball
1-0: Ground out U3 (Groundball, 3S)
Batting: RHB Patrick Clark 0-0: Called Strike
0-1: Fly out, F7 (Flyball, 7M)
Batting: RHB Thom Wilcox 0-0: Reached on error, E5 (Groundball, 5S)
Batting: LHB Ron Bascombe 0-0: Fly out, F9 (Flyball, 89S)
Top of the 9th over - 0 run(s), 0 hit(s), 1 error(s), 1 left on base; Brooklyn 1 - Ft. Worth 11
This league is powered by Out of the Park Baseball, the baseball management simulation game for PC, Mac and Linux
Friday, April 15th, 2016 - OOTP Baseball 16.9 Build 39